Cogmind - Beta 15 @@@ ROGUE MODE // 2025.05.25 @ 05:11:48 Player: puppuppit Result: Destroyed by AX-YEK(R) with Subdweller Beam Cannon Performance ------------- Evolutions (0) 0 Regions Visited (2) 400 Robots Destroyed (15) 75 Value Destroyed (312) 312 Prototype IDs (14) 280 Alien Tech Used (0) 0 Bonus (0) 0 TOTAL SCORE: 1067 Bonus ------- None Cogmind --------- Core Integrity 0/250 Matter 172/300 Energy 100/100 System Corruption 0% Temperature Cool (75) Movement Rolling (120) Ox1 Location -10/Subcaves Parts ------- > --- POWER (1) -------- Subdweller Power Source > --- PROPULSION (2) --- Subdweller Monowheel > --- UTILITY (2) ------ Medium Storage Unit > --- WEAPON (2) ------- Subdweller Machine Gun Battle Cannon > --- INVENTORY (10) --- Cargo Legs Subdweller Monowheel Subdweller Monowheel Subdweller Monowheel Subdweller Optics Subdweller Optics Peak State ------------ > --- POWER ------------ Subdweller Power Source > --- PROPULSION ------- Compact Wheel Subdweller Monowheel > --- UTILITY ---------- Medium Storage Unit Structural Scanner > --- WEAPON ----------- Battle Cannon Slug Cannon > --- INVENTORY -------- Cargo Legs Subdweller Monowheel Subdweller Monowheel Subdweller Optics Subdweller Optics Subdweller Machine Gun Battle Cannon Battle Cannon [Rating: 16] Favorites ----------- Power Subdweller Power Source Engine Subdweller Power Source Propulsion Compact Wheel Wheel Compact Wheel Utility Structural Scanner Device Structural Scanner Storage Medium Storage Unit Weapon Battle Cannon Ballistic Gun Assault Rifle Ballistic Cannon Battle Cannon Build | -11 -10 -10 ------- Run | Yrd Mat Sub Slots Evolved . | . . . Power . | . . . Propulsion . | . . . Utility . | . . . Weapon . | . . . Parts Attached 25 | 8 3 14 Power 4 | 1 . 3 Engine 4 | 1 . 3 Core . | . . . Reactor . | . . . Propulsion 6 | 2 1 3 Treads . | . . . Leg . | . . . Wheel 6 | 2 1 3 Hover . | . . . Flight . | . . . Utility 4 | 2 2 . Device 2 | 1 1 . Storage 2 | 1 1 . Processor . | . . . Hackware . | . . . Protection . | . . . Artifact . | . . . Weapon 11 | 3 . 8 Energy Gun . | . . . Energy Cannon . | . . . Ballistic Gun 6 | 3 . 3 Ballistic Cannon 5 | . . 5 Launcher . | . . . Special Weapon . | . . . Impact Weapon . | . . . Slashing Weapon . | . . . Piercing Weapon . | . . . Special Melee Weapon . | . . . Unidentified Prototypes . | . . . Parts Lost 12 | . . 12 Power 1 | . . 1 Propulsion 4 | . . 4 Utility 1 | . . 1 Weapon 6 | . . 6 Highest Loss Streak 5 | . . 5 To Critical Strikes . | . . . Average Backups 8 | 1 8 9 Power . | . . . Propulsion 3 | . 2 3 Utility 2 | . 2 2 Weapon 2 | . 2 2 Tool/Special . | . . . Unused Backups 17 | . 3 14 Power 1 | . . 1 Propulsion 6 | . 1 5 Utility 7 | . 2 5 Weapon 3 | . . 3 Tool/Special . | . . . Average Slot Usage (%) 98 | . 100 98 Engine 13 | . 14 13 Wheel 27 | . 28 27 Device 13 | . 14 13 Storage 14 | . 14 14 Ballistic Gun 11 | . 28 9 Ballistic Cannon 16 | . . 18 Peak Build Rating 16 | 9 9 16 Average Rating 11 | 6 8 12 On Entrance 5 | . 9 8 Naked Turns . | . . . Heaviest Build 26 | 15 20 26 Greatest Support 36 | 26 26 36 Greatest Overweight (x) 1 | . . 1 Average Overweight (x) . | . . . Largest Inventory Capacity 10 | 8 10 10 Average Capacity 9 | 7 8 10 Most Carried 10 | 7 10 10 Average Carried 9 | 1 8 9 Final Capacity 10 | 8 10 10 Final Carried 10 | 7 10 7 Class Distribution -------------------- 100% | Mutant Dominant Class ---------------- Mutant | -10/Materials Mutant | -10/Subcaves Resources | -11 -10 -10 ----------- Run | Yrd Mat Sub Matter Collected 1082 | 337 155 590 Remotely . | . . . Salvage Created 420 | 190 63 167 Parts 27 | 15 5 7 Haulers Intercepted 1 | . 1 . Recyclers Shooed . | . . . Parts Field Recycled . | . . . Retrieved Matter . | . . . Parts Self-Destructed 12 | . . 12 Prevented . | . . . Kills | -11 -10 -10 ------- Run | Yrd Mat Sub Combat Hostiles Destroyed 7 | . . 7 Guns 4 | . . 4 Cannons 3 | . . 3 Classes Destroyed 5 | 3 1 1 Worker 3 | 2 1 . Tunneler 3 | 3 . . Hauler 1 | . 1 . Recycler 1 | 1 . . Subdweller 7 | . . 7 Best Kill Streak 3 | 3 1 2 Combat Bots Only 2 | . . 2 Max Kills in Single Turn 1 | 1 1 1 Gunslinging . | . . . Exploded . | . . . Melee . | . . . Uniques/NPCs Destroyed . | . . . Combat | -11 -10 -10 -------- Run | Yrd Mat Sub Hostile Shots Fired 90 | . 2 88 Missed 33 | . 1 32 Hits 57 | . 1 56 Projectile 57 | . 1 56 AOE 4 | . . 4 Critical Strikes 2 | . . 2 Damage Taken 1483 | . 10 1473 Core 253 | . . 253 Absorbed by Shields . | . . . Core Remaining (%) 100 | 100 . . Volleys Fired 102 | 21 9 72 Largest 2 | 2 2 2 Hottest 73 | 40 40 73 Shots Fired 187 | 42 18 127 Gun 113 | 42 18 53 Cannon 74 | . . 74 Launcher . | . . . Special . | . . . Kinetic 187 | 42 18 127 Thermal . | . . . Explosive . | . . . Electromagnetic . | . . . Robot Hit Streak 10 | 5 5 10 Robot Miss Streak 2 | 2 2 2 Penetration Max . | . . . Secondary Targets 1 | . . 1 Max Gunslinging Chain 1 | . . 1 Shots Hit Robots 110 | 22 12 76 Core Hits 28 | 7 3 18 Critical Kills . | . . . Critical Parts Destroyed 1 | . . 1 Critical Strikes 3 | . . 3 Destroy 1 | . . 1 Blast 2 | . . 2 Melee Attacks . | . . . Impact . | . . . Slashing . | . . . Piercing . | . . . Sneak Attacks . | . . . Combat Hostiles . | . . . Follow-up Attacks . | . . . Damage Inflicted 1797 | 279 147 1371 Guns 828 | 279 147 402 Cannons 969 | . . 969 Explosions . | . . . Melee . | . . . Ramming . | . . . Kinetic 1797 | 279 147 1371 Thermal . | . . . Explosive . | . . . Electromagnetic . | . . . Impact . | . . . Slashing . | . . . Piercing . | . . . Highest Corruption . | . . . Average Corruption . | . . . Corruption Purged . | . . . Corruption Blocked . | . . . Overload Shots . | . . . Overflow Damage 15 | . . 15 Projectiles 15 | . . 15 Explosions . | . . . Melee . | . . . Knockbacks 9 | . . 9 Impact . | . . . Kinetic 9 | . . 9 Secondary . | . . . Self-Inflicted Damage . | . . . Shots . | . . . Rammed . | . . . Targets Rammed . | . . . Kicked . | . . . Crushed . | . . . Highest Temperature 264 | . . 264 Average Temperature 161 | . . 161 Received Heat Transfer 642 | . 6 636 Siege Activations . | . . . Martial Activations . | . . . Shielding Activations . | . . . Robots Disrupted . | . . . Combat Hostiles . | . . . Robots Corrupted . | . . . Combat Hostiles . | . . . Parts Fried . | . . . Impact Corruptions . | . . . Robots Melted . | . . . Combat Hostiles . | . . . Parts Melted . | . . . Heat Transferred . | . . . Parts Sabotaged . | . . . Parts Stolen . | . . . Parts Stripped . | . . . Power Chain Reactions . | . . . Alert | -11 -10 -10 ------- Run | Yrd Mat Sub Maximum Alert Level . | . . . Low Security (%) 100 | 100 100 . Level 1 . | . . . Level 2 . | . . . Level 3 . | . . . Level 4 . | . . . Level 5 . | . . . High Security . | . . . Max Security . | . . . Peak Influence 10 | 10 10 . Initial 6 | . 6 . Average 1 | 2 1 . Influence Increases 50 | 30 20 . Destroy 0b10 Robot/NC 40 | 30 10 . Destroy Leader 2 | . 2 . Successful Hack 8 | . 8 . Influence Decreases 50 | 20 30 . Entered New Map 4 | . 4 . Time Decay 46 | 20 26 . Squads Dispatched 1 | . 1 . Investigation 1 | . 1 . Extermination . | . . . Reinforcement . | . . . Assault . | . . . Garrison . | . . . Intercept . | . . . Searches Triggered . | . . . Construction Impeded . | . . . Haulers Reinforced . | . . . Active Scanning Responses . | . . . Cargo Convoy Interrupts . | . . . Stealth | -11 -10 -10 --------- Run | Yrd Mat Sub Distress Signals . | . . . Communications Jammed . | . . . Distress Signals . | . . . Times Spotted 12 | . 2 10 Peak Tracking Total 2 | . 1 2 Tactical Retreats . | . . . Traps | -11 -10 -10 ------- Run | Yrd Mat Sub Traps Triggered . | . . . Indirectly . | . . . Trap Hack Attempts . | . . . Triggered . | . . . Disarmed . | . . . Reprogrammed . | . . . Reused . | . . . Traps Extracted . | . . . Installed . | . . . Triggered . | . . . Machines | -11 -10 -10 ---------- Run | Yrd Mat Sub Machines Disabled 1 | . . 1 Max in Single Turn 1 | . . 1 Machines Repaired . | . . . Machines Dismantled . | . . . Machines Sabotaged . | . . . Overloaded Fab Kills . | . . . Hacking | -11 -10 -10 --------- Run | Yrd Mat Sub Machines Accessed 7 | . 4 3 Terminals 4 | . 4 . Fabricators . | . . . Repair Stations . | . . . Recycling Units . | . . . Scanalyzers . | . . . Garrison Access . | . . . Total Hacks 27 | . 15 12 Successful 19 | . 7 12 Failed 7 | . 7 . Catastrophic . | . . . Database Lockouts 1 | . 1 . Manual 10 | . 10 . Terminals 15 | . 15 . Fabricators . | . . . Repair Stations . | . . . Recycling Units . | . . . Scanalyzers . | . . . Garrison Access . | . . . Terminal Hacks 16 | . 4 12 Record 10 | . 1 9 Robot Analysis 1 | . 1 . Prototype ID Bank 2 | . 2 . Open Door 1 | . . 1 Proto ID Catalog 1 | . . 1 Release Object 1 | . . 1 Fabricator Hacks . | . . . Repair Station Hacks . | . . . Recycling Unit Hacks . | . . . Scanalyzer . | . . . Garrison Access Hacks . | . . . Unauthorized Hacks 3 | . 3 . Terminals 3 | . 3 . Botnet 3 | . 3 . Fabricators . | . . . Repair Stations . | . . . Recycling Units . | . . . Scanalyzers . | . . . Garrison Access . | . . . Data Cores Recovered 1 | . 1 . Used . | . . . Hacking Detections 4 | . 4 . Full Trace Events 4 | . 4 . Feedback Events . | . . . Feedback Blocked . | . . . Robot Schematics Acquired . | . . . Robots Built . | . . . Authchips . | . . . Time . | . . . Total Robot Build Rating . | . . . Part Schematics Acquired . | . . . Parts Built . | . . . Authchips . | . . . Time . | . . . Total Part Build Rating . | . . . Parts Repaired . | . . . Time . | . . . Parts Recycled . | . . . Recycled Matter . | . . . Retrieved Matter . | . . . Retrieved Components . | . . . Parts Scanalyzed . | . . . Part Schematics Acquired . | . . . Parts Damaged . | . . . Bothacking | -11 -10 -10 ------------ Run | Yrd Mat Sub Used RIF Installer . | . . . Robots Hacked . | . . . Non-combat . | . . . Combat . | . . . Robot Hacks Applied . | . . . Relay Couplers Released . | . . . Fabnet Peak Effective % . | . . . Robots Rewired . | . . . Allies Hacked . | . . . Hacks Repelled . | . . . Allies | -11 -10 -10 -------- Run | Yrd Mat Sub Total Allies . | . . . Largest Group . | . . . Highest-Rated Group . | . . . Highest-Rated Ally . | . . . Total Orders . | . . . Ally Attacks . | . . . Total Damage . | . . . Kills . | . . . Allies Corrupted . | . . . Allies Melted . | . . . Intel | -11 -10 -10 ------- Run | Yrd Mat Sub Active Infowar (turns) 1488 | 44 189 1255 Terrain 60 | 44 16 . Structural 1428 | . 173 1255 Robot Analysis Total 1 | . 1 . Derelict Logs Recovered . | . . . Drone Launches . | . . . Drone Recoveries . | . . . Exploration | -11 -10 -10 ------------- Run | Yrd Mat Sub Turns Passed 1576 | 118 189 1269 Spaces Moved 1264 | 44 184 1036 Core 5 | 5 . . Treads . | . . . Legs . | . . . Wheels 1259 | 39 184 1036 Hover . | . . . Flight . | . . . Fastest Speed 50 | 50 80 80 Average Speed 95 | 85 81 97 Slowest Speed 115 | 90 90 115 Overloaded Moves . | . . . Propulsion Burnouts . | . . . Robots Hopped . | . . . Potential Cave-ins . | . . . Cave-ins Triggered . | . . . Exploration Rate (%) 30 | 5 33 53 Regions Visited 2 Branch Regions 1 Pre-discovered Areas . | . . . Known Exits Taken . | . . . Unknown Exits Taken 2 | 1 1 . Scrap Searched 9 | . . 9 Spaces Dug . | . . . Terrain Destroyed 5 | . . 5 Melee . | . . . Projectile 5 | . . 5 AOE . | . . . Terrain Rammed . | . . . Walls Destroyed . | . . . Machines Disabled . | . . . Actions | -11 -10 -10 --------- Run | Yrd Mat Sub Total 1461 | 79 205 1177 Wait 12 | . . 12 Move 1262 | 43 183 1036 Hop . | . . . Pick Up 32 | 7 6 19 Fast Attach 8 | 7 . 1 Attach 10 | . . 10 Detach . | . . . Swap 12 | 1 3 8 Drop 23 | . 4 19 Fire 102 | 21 9 72 Melee . | . . . Ram . | . . . Kick . | . . . Crush . | . . . Escape Stasis . | . . . Rewire . | . . . Trap . | . . . Miscellaneous . | . . . Route ------- -11/Scrapyard -10/Materials -10/Subcaves (discovered 3 exits: [*Mat x2] / [*Scr]) History --------- Turn | Location | Event 32 | -11/Scrapyard | Discovered new exit (range 15) 119 | -11/Scrapyard | Entered Materials 120 | -10/Materials | Met a group of wandering Federalists 279 | -10/Materials | Central database locked down 300 | -10/Materials | Discovered new exit (range 9) 302 | -10/Materials | Build established: Mutant 308 | -10/Materials | Entered Subcaves 309 | -10/Subcaves | Continued accompanying wandering Federalists (5) 309 | -10/Subcaves | Approached by a straggling Scientist 471 | -10/Subcaves | A swath of the cavern ceiling suddenly collapsed 474 | -10/Subcaves | Ambushed by angry Subdweller bent on revenge 490 | -10/Subcaves | Discovered new exit (range 7) 541 | -10/Subcaves | Lost 4 allies 582 | -10/Subcaves | Lost 5 parts (1p2n2w) 720 | -10/Subcaves | Visited 4L-MR0's lab 751 | -10/Subcaves | Found Cargo Legs 965 | -10/Subcaves | Discovered new exit (range 5) 1097 | -10/Subcaves | Shifting Twisted Machinery released Flamer 1129 | -10/Subcaves | Core integrity fell below 50% 1155 | -10/Subcaves | Shifting Twisted Machinery released Sub. Monowheel 1493 | -10/Subcaves | Shifting Twisted Machinery released Mak. Hammer 1496 | -10/Subcaves | Shifting Twisted Machinery released Battle Cannon 1558 | -10/Subcaves | Core integrity fell below 20% 1577 | -10/Subcaves | Destroyed by AX-YEK(R) with Subdweller Beam Cannon Last Messages --------------- 01476_ Acquired 30 matter. Mak. Hammer falls loose from the Twisted Machinery. Battle Cannon falls loose from the Twisted Machinery. 01503_ Dropped Battle Cannon. 01504_ Dropped Sub. Optics. 01505_ Acquired Battle Cannon. 01538_ 7C-8PB(R) knocked back. 01543_ Slug Cannon destroyed. 01545_ 7C-8PB(R) knocked back. 01554_ Destroyed Sub. Monowheel. 01554_ 7C-8PB(R) knocked back. 01554_ 7C-8PB(R) Disposable Heat Sink blasted off. 01555_ Battle Cannon destroyed. 01563_ Structural Scanner destroyed. 01564_ 7C-8PB(R) knocked back. 01567_ Critical hit (Meltdown: +300). 01567_ Battle Cannon destroyed. 01568_ Destroyed Scrap Shield. 01571_ 7C-8PB(R) destroyed. 01573_ Com. Wheel destroyed. Map ----- +----------------------------------------------------+ | ??????????????????????### ###??????????? | | # # ??????????????????????### ##??????????? | | ###??????????????????????## > ###??????????? | | ??###??????????????????????### ####??????????? | | ???????????????????????????### ###???????????? | | ????????????????????????????## ##????????????? | | ???????????????????????????### ####????????????? | | ??????????????????????????#### #####????????????? | | ????????????????????????##### ####?????????????? | | ????????????###???########## #####????????????? | | ????????????###??######### ####???????????? | | ????????????##$??### "### ###???????????? | | ????????????# " #$ "### ##???????????? | | ???????????????? #$ "## # ####???????????? | | ????????????????? "## # #####???????????? | | ??????????????????? # ####?????????????? | | ??????????????????? ## ## ###??????????????? | | ??????????????????? # #" #####????????????? | | ??????????????????? # ### #######??????????? | | ??????????????????? # ### #####?????????? | | ??????????????????? # #"" #### ####????????? | | ???????????????? # ###" ##### ####???????? | | ????????????????"# "## ###### ###???????? | | ????????????????"#" ### ###### ##???????? | | ????????????????### $###;; R ## #####???????? | | ?????????????############@ #####???????? | | ????????????############ ### ###????????? | | ????????????### #????## ### ##????????? | | ???????????? ##??#;; #### #### ##????????? | | ???????? ???? ####### "#### ###### ##????????? | | ???????? ? ## "###### " ### ###?#####????????? | | ???????? ## ## %" # ###########??????? | | ??????? " " % " ##########??????? | | ??????? """"" ! " ##*=& ##??????? | | ??????? " &%%%####*# ##### ##??????? | | ??????????"" ####### " #### [%""# ##??????? | | ????????????######### " ###[## "%# ##??????? | | ?????????????????##### ##" # [#""|"# ##??????? | | ?????????????????##### ##" #"%"## ##??????? | | ?????????????????## /" ! "" ##### ##??????? | | ?????????????????### "" #" ## ##??????? | | ?????????????????#####"" ####### ####??????? | | ??????????????????################ ###??????? | | ????????????????????#########???### ##???????? | | ????????????????????????????????### ##???????? | | ????????????????????????????????## #####???????? | | ????????????????????????????????### ####???????? | | ????????????????????????????????## ###?????????? | | ????????????????????????????????## ##?????????? | | ????????????????????????????????### ##?????????? | +----------------------------------------------------+ Best States ------------- Heat Dissipation 25 Energy Generation 15 Energy Capacity 250 Matter Stores 300 Matter Capacity 300 Sight Range 16 Terrain Scan Range 16 Terrain Scan Density 10 Evasion (%) 44 Item Schematics ----------------- None Robot Schematics ------------------ None Fabricated ------------ Nothing Repaired ---------- Nothing Alien Tech Used ----------------- None Achievements -------------- None Challenges ------------ None Game ------ Seed ProtonDeuteriumClaymores Manual? 0 Play Time 00:16:41 Cumulative 233.0 hours Start 2025.05.25 @ 04:54:44 End 2025.05.25 @ 05:11:48 Sessions 1 Manual Loads 0 Difficulty Rogue Special Mode None Game No. 137 Rogue 137 Adventurer 0 Explorer 0 Win Type - Total 3 Types 1/0/1/1/0/0/0/0/0/0 Lore% 76 Gallery% 64 Achievement% 63 Wizard Run 0 Options --------- Layout 2 ASCII 0 Keyboard 1 Movement Vi Keybinds 0 Fullscreen 1 Font 16/SmallcapsGlow Map View 55x47 Zoom Use 0% Tactical HUD 1 Map Filters NONE Filters NONE Steam 0 RUN: ac736213-b292-4c8b-961f-385121cb71ed